Map: [ESL] Equilibrium

Players

Krystianer

  • Race: Protoss Protoss
  • Spawn Location: 11:00

MaxPax - Winner!

  • Race: Protoss Protoss
  • Spawn Location: 1:00

Event: ESL SC2 Masters 2023 Winter (Regional)

VOD

Have the link to the VOD?

Description

Time

  • Played on: Nov. 17, 2023, 9:41 a.m.
  • Length: 6:15

All games in this series

Show
View Real Time Build Order
Export as new Build Order

Krystianer Protoss 

Build Orders:  

Get SALT Encoding   

  12  0:00  Probe  
  13  0:12  Probe  
  14  0:16  Pylon  
  14  0:24  Probe (Chrono Boost)  
  16  0:36  Gateway, Probe (Chrono Boost)  
  16  0:42  Probe (Chrono Boost)  
  16  0:45  Assimilator  
  17  0:50  Probe  
  17  0:54  Assimilator  
  18  1:03  Probe (Chrono Boost)  
  19  1:07  Gateway  
  20  1:12  Probe (Chrono Boost)  
  20  1:17  Probe (Chrono Boost)  
  20  1:25  Cybernetics Core  
  21  1:30  Probe  
  22  1:35  Pylon  
  22  1:42  Probe  
  23  1:54  Probe  
  23  2:01  Stalker x2  
  28  2:02  Warp Gate  
  28  2:28  Nexus  
  28  2:32  Probe  
  29  2:38  Pylon  
  29  2:44  Probe  
  30  2:56  Stalker  
  30  2:57  Probe  
  33  3:02  Shield Battery  
  33  3:11  Twilight Council  
  33  3:13  Probe  
  34  3:20  Shield Battery  
  34  3:25  Probe  
  35  3:37  Probe  
  36  3:41  Probe  
  37  3:50  Stalker x2  
  37  3:53  Probe  
  42  3:56  Probe  
  42  4:00  Blink (Chrono Boost)  
  43  4:15  Probe (Chrono Boost)  
  38  4:20  Probe (Chrono Boost)  
  35  4:26  Probe (Chrono Boost)  
  35  4:28  Stalker x2  
  41  4:32  Probe x2 (Chrono Boost)  
  41  4:34  Unknown  
  42  4:43  Probe (Chrono Boost)  
  44  4:48  Probe (Chrono Boost)  
  44  4:51  Probe (Chrono Boost)  
  44  4:52  Pylon  
  45  4:55  Probe (Chrono Boost)  
  45  4:57  Probe  
  47  5:03  Robotics Facility, Stalker  
  49  5:11  Stalker  
  51  5:15  Probe  
  52  5:22  Nexus  
  52  5:24  Probe  
  52  5:28  Pylon  
  53  5:29  Probe  
  53  5:34  Stalker x2  
  58  5:37  Probe  
  59  5:43  Probe  
  60  5:51  Forge  
  60  5:53  Gateway  
  60  5:54  Gateway  
  60  5:55  Shield Battery  
  60  6:00  Stalker  
  62  6:06  Stalker  
Show
View Real Time Build Order
Export as new Build Order

MaxPax Protoss - Winner!

Build Orders: Oracle Opening 

Get SALT Encoding   

  12  0:00  Probe  
  13  0:12  Probe  
  14  0:19  Pylon  
  14  0:24  Probe  
  15  0:37  Gateway, Probe (Chrono Boost)  
  16  0:47  Assimilator  
  16  0:48  Probe (Chrono Boost)  
  17  0:52  Probe (Chrono Boost)  
  17  0:55  Assimilator  
  18  1:03  Probe (Chrono Boost)  
  19  1:05  Pylon  
  19  1:12  Probe (Chrono Boost)  
  19  1:17  Probe (Chrono Boost)  
  20  1:24  Cybernetics Core  
  21  1:29  Probe  
  22  1:36  Zealot  
  24  1:42  Probe  
  25  1:54  Probe  
  25  2:00  Stargate  
  26  2:03  Adept  
  28  2:11  Warp Gate  
  28  2:25  Nexus  
  28  2:33  Pylon  
  28  2:40  Stalker  
  30  2:49  Oracle (Chrono Boost)  
  30  2:56  Probe  
  34  3:06  Shield Battery  
  34  3:08  Probe  
  35  3:16  Oracle (Chrono Boost)  
  38  3:20  Probe  
  38  3:23  Gateway  
  39  3:36  Probe  
  39  3:39  Probe  
  39  3:41  Twilight Council  
  41  3:52  Probe (Chrono Boost)  
  43  3:56  Probe (Chrono Boost)  
  41  4:05  Pylon, Probe (Chrono Boost)  
  41  4:09  Probe (Chrono Boost)  
  43  4:10  Probe (Chrono Boost)  
  43  4:15  Blink (Chrono Boost)  
  44  4:19  Probe  
  44  4:20  Stalker x2  
  44  4:22  Probe  
  50  4:31  Probe  
  50  4:34  Gateway  
  50  4:35  Probe  
  50  4:38  Pylon  
  52  4:44  Probe  
  53  4:48  Stalker x2  
  53  4:49  Probe  
  58  5:01  Gateway, Probe  
  59  5:11  Stalker x2  
  63  5:17  Pylon  
  63  5:22  Nexus  
  63  5:34  Stalker x3  
  69  5:36  Probe  
  69  5:38  Probe  
  71  5:43  Pylon  
  71  5:58  Stalker x3  
  77  6:09  Stalker  
Tags
 
Add a new tag
Caveats
  • Supply blocks, unpowered buildings, or Contaminate may cause inaccurate times.
  • Supply counts are checked every 10 seconds.